 Dungeon Crawl Stone Soup version 0.30-a0-782-ge64f9170bb (webtiles) character file.

Game seed: 8562090246454268438

2328 Crownlay the Geomancer (level 9, 0/58 HPs)
             Began as an Octopode Earth Elementalist on Feb 26, 2023.
             Was an Initiate of Ashenzari.
             Slain by a kobold brigand
             ... wielding a +2 short sword of speed
              (8 damage)
             ... on level 6 of the Dungeon.
             The game lasted 00:09:47 (6697 turns).

Crownlay the Geomancer (OpEE)                       Turns: 6697, Time: 00:09:47

Health: 0/58       AC:  1    Str:  7    XL:     9   Next: 42%
Magic:  5/15       EV: 13    Int: 22    God:    Ashenzari [......]
Gold:   297        SH:  0    Dex: 12    Spells: 12/16 levels left

rFire   . . .      SeeInvis .    a - +4 flail (protect)
rCold   . . .      Faith    .    (no shield)
rNeg    . . .      Spirit   .    (helmet restricted)
rPois   .          Reflect  .    (no amulet)
rElec   .          Harm     .    r - ring of resist corrosion
rCorr   +          Rampage  .    (no ring)
Will    .....                    (no ring)
Stlth   +++                      (no ring)
HPRegen 0.29/turn                (no ring)
MPRegen 0.14/turn                (no ring)
                                 (no ring)
                                 (no ring)

@: lethally poisoned (0 -> -1)
A: almost no armour, amphibious, 8 rings, camouflage 1, gelatinous body 1,
(nimble swimmer 1), tentacles
a: Renounce Religion


You were on level 6 of the Dungeon.
You worshipped Ashenzari.
Ashenzari was noncommittal.
You visited 2 branches of the dungeon, and saw 7 of its levels.
You also visited: Ossuary.

You collected 297 gold pieces.

Inventory:

Hand Weapons
 a - a +4 flail of protection (weapon)
Armour
 p - a +0 buckler
Jewellery
 r - a ring of resist corrosion (left tentacle)
Scrolls
 b - a scroll of fog
 d - 3 scrolls of teleportation
 f - 4 scrolls of identify {unknown}
 g - 2 scrolls of vulnerability {unknown}
 h - 3 scrolls of amnesia
 j - 2 scrolls of poison {unknown}
 l - a scroll of enchant armour {unknown}
 o - 3 scrolls of enchant weapon {unknown}
 s - a scroll of immolation {unknown}
 t - a scroll of silence {unknown}
Potions
 c - 2 potions of might
 e - 5 potions of heal wounds {unknown}
 i - 2 potions of lignification {unknown}
 k - a potion of invisibility {unknown}
 m - a potion of degeneration {unknown}
 n - a potion of mutation {unknown}
 q - a potion of curing {unknown}
 u - a potion of magic


   Skills:
 + Level 3.7 Fighting
 - Level 2.0 Dodging
 - Level 2.6 Stealth
 + Level 3.2 Shields
 + Level 4.2 Spellcasting
 + Level 3.7 Conjurations
 - Level 1.0 Transmutations
 - Level 10.0 Earth Magic


You had 12 spell levels left.
You knew the following spells:

 Your Spells              Type           Power      Damage    Failure   Level
a - Sandblast             Erth           96%        2d20      1%          1
b - Stone Arrow           Conj/Erth      70%        3d11      1%          3

Your spell library contained the following spells:

 Spells                   Type           Power      Damage    Failure   Level
 Passwall                 Tmut/Erth      23%        N/A       1%          2
 Momentum Strike          Conj/Tloc      26%        3d8       8%          2
 Petrify                  Tmut/Erth      28%        N/A       12%         4
 Leda's Liquefaction      Hex/Erth       13%        N/A       14%         4
 Blink                    Tloc           8%         N/A       17%         2
 Lesser Beckoning         Tloc           8%         N/A       17%         2
 Call Canine Familiar     Summ           4%         N/A       32%         3
 Portal Projectile        Hex/Tloc       8%         N/A       32%         3
 Malign Gateway           Summ/Tloc      2%         N/A       100%        7
 Summon Horrible Things   Summ           2%         N/A       100%        8


Dungeon Overview and Level Annotations

Branches:
Dungeon (6/15)             Temple (1/1) D:5         Ossuary (visited)

Altars:
Ashenzari
Cheibriados
Dithmenos
Elyvilon
Fedhas
Gozag
Kikubaaqudgha
Makhleb
Nemelex Xobeh
Okawaru
Qazlal
Ru
Sif Muna
Trog
Uskayaw
Vehumet
Wu Jian
Xom
Yredelemnul
Zin
The Shining One


Innate Abilities, Weirdness & Mutations

You cannot wear most types of armour.
You are amphibious.
You can wear up to eight rings at the same time.
Your skin changes colour to match your surroundings (Stealth+).
Your rubbery body absorbs attacks. (AC +1, EV +1)
((You are camouflaged when in or above water. (Stealth+)))
You have tentacles for arms and can constrict up to eight enemies at once.


Message History

The orc hits you with a +0 flail!
A kobold comes into view. It is wielding a +0 dagger.
The orc attacks as you move away! The orc hits you with a +0 flail!
You feel very sick. The orc attacks as you move away!
The orc closely misses you.
You feel sick.
The blast of sand hits the orc!!
You kill the orc!
You feel very sick.
The kobold brigand hits you with a +2 short sword of speed.
The blast of sand hits the kobold brigand.
The kobold brigand is lightly wounded.
You feel sick.
The kobold brigand hits you with a +2 short sword of speed. x2
You are too injured to fight recklessly!
You are too injured to fight recklessly!
Okay, then.
Okay, then.
Casting: Sandblast (safe; 1% risk of failure)
Confirm with . or Enter, or press ? or * to list all spells.
Aiming: Sandblast (safe; 1% risk of failure)
Press: ? - help, Shift-Dir - straight line, f/p - kobold brigand
Aim: a kobold brigand, wielding a +2 short sword of speed and quivering poisoned darts (lightly wounded, 81% to hit)
The blast of sand hits the kobold brigand but does no damage.
The kobold brigand is lightly wounded.
You feel sick.
The kobold brigand hits you with a +2 short sword of speed.
* * * LOW HITPOINT WARNING * * *
The kobold brigand hits you with a +2 short sword of speed.
* * * LOW HITPOINT WARNING * * *
Okay, then.
Casting: Sandblast (safe; 1% risk of failure)
Confirm with . or Enter, or press ? or * to list all spells.
Aiming: Sandblast (safe; 1% risk of failure)
Press: ? - help, Shift-Dir - straight line, f/p - kobold brigand
Aim: a kobold brigand, wielding a +2 short sword of speed and quivering poisoned darts (lightly wounded, 81% to hit)
The blast of sand hits the kobold brigand!!
The kobold brigand is almost dead.
You feel sick.
The kobold brigand hits you with a +2 short sword of speed!
You die...

#.......# #. #.#####)# #.
#.# #)# #. #.# #.# #. #.#
#.# #. #.# #.# #.
.#########.#####.### #.
...................# #.
...####@########.#.# #.
##K#..........####.
#KK....####...##...
K..K)))......# #...##...
#...###......####...##.#.
#. ###................
...........#....
.#.........#.##.
.######.........


You could see a kobold brigand and 2 kobolds.

Vanquished Creatures
  Prince Ribbit (D:5)
  Grinder (D:3)
  Sigmund (D:5)
  Edmund (D:4)
  An orc warrior (D:4)
  An ice beast (D:6)
  4 black bears
  2 ogres
  A phantom (D:4)
  A necrophage (D:6)
  2 elf zombies (Ossuary)
  2 scorpions
  A jelly (D:5)
  2 centaur zombies (Ossuary)
  A human zombie (Ossuary)
  A gnoll bouda (D:6)
  3 iguanas
  3 orc wizards
  2 mummies (Ossuary)
  3 gnolls (D:6)
  6 adders
  2 white imps
  2 worms
  A dart slug (D:5)
  19 orcs
  9 endoplasms
  3 giant cockroaches
  12 goblins
  14 hobgoblins
  4 jackals (D:1)
  5 kobolds
  5 quokkas
  11 ball pythons
  5 bats
  3 frilled lizards
  3 goblin zombies (Ossuary)
  12 hobgoblin zombies (Ossuary)
  10 kobold zombies (Ossuary)
  6 orc zombies (Ossuary)
  12 rats
  A rat zombie (Ossuary)
179 creatures vanquished.

Notes
Turn   | Place    | Note
-------+----------+-------------------------------------------
     0 | D:1      | Crownlay the Octopode Earth Elementalist began the quest
                  | for the Orb.
     0 | D:1      | Reached XP level 1. HP: 11/11 MP: 3/3
   151 | D:1      | Reached XP level 2. HP: 17/17 MP: 3/5
   627 | D:1      | Reached skill level 4 in Earth Magic
   802 | D:1      | Reached XP level 3. HP: 21/21 MP: 3/6
  1839 | D:2      | Reached XP level 4. HP: 27/27 MP: 5/7
  1865 | D:2      | Reached skill level 5 in Earth Magic
  2654 | D:3      | Noticed Grinder
  2660 | D:3      | Killed Grinder
  2660 | D:3      | HP: 1/27 [adder (3)]
  2661 | D:3      | Reached skill level 6 in Earth Magic
  2661 | D:3      | Reached XP level 5. HP: 1/31 MP: 1/8
  2661 | D:3      | Reached XP level 6. HP: 1/36 MP: 1/9
  2832 | D:3      | Reached skill level 7 in Earth Magic
  3371 | D:3      | Found a blossoming altar of Fedhas.
  3512 | D:4      | Learned a level 3 spell: Stone Arrow
  3519 | D:4      | Found a snail-covered altar of Cheibriados.
  3592 | D:4      | Noticed Edmund
  3601 | D:4      | Killed Edmund
  3602 | D:4      | Reached skill level 8 in Earth Magic
  3602 | D:4      | Reached XP level 7. HP: 3/41 MP: 3/10
  3659 | D:4      | Found a sand-covered staircase.
  3750 | Ossuary  | Entered an ossuary
  4373 | Ossuary  | Reached skill level 9 in Earth Magic
  4564 | D:4      | Reached XP level 8. HP: 46/46 MP: 8/11
  4717 | D:4      | Reached skill level 1 in Conjurations
  4941 | D:4      | Reached skill level 1 in Fighting
  5303 | D:5      | Entered Level 5 of the Dungeon
  5479 | D:5      | Noticed Prince Ribbit
  5482 | D:5      | Killed Prince Ribbit
  5483 | D:5      | Reached skill level 1 in Shields
  5483 | D:5      | Reached skill level 10 in Earth Magic
  5724 | D:5      | Noticed Sigmund
  5734 | D:5      | Killed Sigmund
  5735 | D:5      | Reached XP level 9. HP: 47/55 MP: 12/14
  6060 | D:5      | Found a staircase to the Ecumenical Temple.
  6066 | Temple   | Entered the Ecumenical Temple
  6146 | Temple   | Became a worshipper of Ashenzari the Shackled
  6697 | D:6      | Slain by a kobold brigand

Illustrated notes

Levels and vault maps discovered:
D:1:      dpeg_arrival_ratfight, layout_basic
D:2:      layout_basic
D:3:      kennysheep_the_goblin_king, layout_basic,
          mainiacjoe_overflow_alcove_4, nicolae_titane, uniq_grinder
D:4:      layout_loops_ring, mainiacjoe_overflow_six_doors_small,
          enter_ossuary_5, nicolae_nh_ransacked_shop, uniq_edmund
D:5:      layout_loops_ring, minmay_temple_entry_fiery, uniq_prince_ribbit1,
          uniq_sigmund
D:6:      layout_basic, kennysheep_mini_moat, uniq_menkaure, uniq_pikel
Temple:   compressed_dpeg_triangle_lava_temple

Skill      XL: |  1  2  3  4  5  6  7  8  9 |
---------------+----------------------------+-----
Earth Magic    | 4 6 8 9 10 | 10.0
Conjurations   | 2 3 |  3.7
Fighting       | 2 3 |  3.7
Shields        | 2 3 |  3.2
Spellcasting   | 3 4 |  4.2
Dodging        | |  2.0
Stealth        | |  2.6
Transmutations | |  1.0

Action                     |  1- 3 |  4- 6 |  7- 9 || total
---------------------------+-------+-------+-------++-------
  Melee: Dagger            |     8 |     2 |       ||    10
         Flail             |       |       |     1 ||     1
   Cast: Sandblast         |    65 |    51 |   142 ||   258
         Stone Arrow       |       |     5 |    12 ||    17
    Use: Scroll            |     1 |     2 |       ||     3
         Potion            |       |     2 |       ||     2
 Armour: Skin              |     2 |     3 |     7 ||    12
  Dodge: Dodged            |    23 |     9 |    36 ||    68

Table legend: (Time is in decaauts)
 A = Elapsed time spent in this place.
 B = Non-inter-level travel time spent in this place.
 C = Inter-level travel time spent in this place.
 D = Time resting spent in this place.
 E = Time spent auto-exploring this place.
 F = Levels seen in this place.
 G = Mean time per level.
                   A        B        C        D        E       F      G
               +--------+--------+--------+--------+--------+-----+--------+
         Total |   6823 |   6660 |    163 |    132 |   5566 |   8 |  852.9 |
       Dungeon |   5978 |   5829 |    149 |    132 |   4901 |   6 |  996.3 |
        Temple |     95 |     81 |     14 |      0 |     59 |   1 |   95.0 |
       Ossuary |    748 |    748 |      0 |      0 |    606 |   1 |  748.0 |
               +--------+--------+--------+--------+--------+-----+--------+

Top non-repeatable levels by time:
     D:1: 1491 daAuts
     D:3: 1152 daAuts
     D:4: 1093 daAuts
     D:2: 917 daAuts
     D:5: 824 daAuts
 Ossuary: 748 daAuts
     D:6: 499 daAuts
  Temple: 95 daAuts
